[Event "*** Titled Tuesday Blitz"]
[Site "Chess.com"]
[Date "2020.04.28"]
[Round "9"]
[White "Gubajdullin"]
[Black "djamir"]
[Result "0-1"]
[WhiteElo "2490"]
[BlackElo "2715"]
[TimeControl "180+1"]
[EndTime "11:46:49 PDT"]
[Termination "djamir won on time"]

1. d4 Nf6 2. Bf4 e6 3. e3 b6 4. Nf3 Nh5 5. Bg5 Be7 6. Bxe7 Qxe7 7. Bd3 Bb7 8. O-O d6 9. Nbd2 Nd7 10. c4 O-O 11. Be4 Bxe4 12. Nxe4 f5 13. Nc3 a6 14. b4 Nhf6 15. c5 bxc5 16. dxc5 dxc5 17. b5 a5 18. Na4 Rab8 19. Rb1 Nd5 20. Qc2 Nb4 21. Qc4 Rfe8 22. a3 Nd5 23. Qc2 Rb7 24. Rfc1 Reb8 25. Qe2 h6 26. Nd2 N5b6 27. Nc3 a4 28. Nc4 Nxc4 29.
Qxc4 Nb6 30. Qf4 Rd8 31. Rd1 Rbb8 32. Rdc1 c4 33. Qf3 Qxa3 34. Qc6 Qd6 35. Qf3 Ra8 36. Ra1 a3 37. h4 Nd5 38. Ne2 Qb4 39. e4 fxe4 40. Qxe4 Qxb5 41. Qxe6+ Kh8 42. Nd4 Qb6 43. Qg4 Nf6 44. Qg6 Qxd4 45. Ra2 Qd3 0-1

[Event "*** Titled Tuesday Blitz"]
[Site "Chess.com"]
[Date "2020.04.28"]
[Round "9"]
[White "Danfii"]
[Black "IljaJoke"]
[Result "0-1"]
[WhiteElo "2339"]
[BlackElo "2485"]
[TimeControl "180+1"]
[EndTime "11:46:49 PDT"]
[Termination "IljaJoke won by resignation"]

1. e4 e5 2. Nf3 Nc6 3. Bc4 Bc5 4. O-O Nf6 5. d3 O-O 6. Nbd2 a5 7. c3 a4 8. Bb5 a3 9. b4 Bd6 10. Bxc6 dxc6 11.
Nc4 Bg4 12. h3 Bh5 13. Bg5 b5 14. Ne3 h6 15. Bh4 g5 16. Bg3 Bg6 17. Nxe5 Qe8 18. Nxg6 fxg6 19. Bxd6 cxd6 20. Ng4 Nxg4 21. hxg4 Qe5 22.
Rc1 Kg7 23. g3 d5 24. Re1 dxe4 25. Rxe4 Qd5 26. Qe2 Rf7 27. Re5 Qf3 28. Qxf3 Rxf3 29.
d4 Rd3 30. Rc2 Rd1+ 31. Kg2 Rb1 32. Ree2 Kf6 33. f4 gxf4 34. gxf4 h5 35. gxh5 gxh5 36. Kf3 h4 37. Rh2 Rh8 38. Rcg2 h3 39. Rf2 Kf5 40.
Re2 Rf1+ 41. Kg3 Rg1+ 42. Kf3 Rc1 43. Re5+ Kf6 44. Kg3 Rxc3+ 45. Kg4 Rd3 46. Rf5+ Ke6 47. Re5+ Kd6 48. Rg5 Rxd4 49. Rxh3 Rxh3 50. Kxh3 Rxf4 51. Rg6+ Kd5 52. Rg5+ Kd6 53. Rg6+ Kc7 54. Rg4 Rxg4 55. Kxg4 c5 56. bxc5 b4 57. Kf4 b3 58. axb3 a2 59.
b4 a1=Q 60. b5 0-1

[Event "*** Titled Tuesday Blitz"]
[Site "Chess.com"]
[Date "2020.04.28"]
[Round "9"]
[White "HanSchut"]
[Black "MisiekZielony"]
[Result "0-1"]
[WhiteElo "2219"]
[BlackElo "2131"]
[TimeControl "180+1"]
[EndTime "11:46:49 PDT"]
[Termination "MisiekZielony won by resignation"]

1. e4 Nf6 2. e5 Nd5 3. d4 d6 4.
c4 Nb6 5. exd6 exd6 6. Be3 Be7 7. Nc3 O-O 8. Qf3 c6 9. O-O-O d5 10. c5 Nc4 11.
Bd3 b6 12. cxb6 axb6 13. h4 b5 14. Nh3 b4 15. Ng5 f5 16. Qh5 h6 17. Qg6 Bxg5 18. hxg5 Qe8 19. Qxe8 Rxe8 20. Bxc4 dxc4 21. Nb1 hxg5 22.
Bxg5 Rxa2 23. Rhe1 Be6 24. Re2 Bf7 25. Rde1 Rxe2 26.
Rxe2 Ra7 27. Bf4 Nd7 28. Re7 Rb7 29. Nd2 Nc5 30. Bd6 Nd3+ 31. Kb1 Rxe7 32. Bxe7 c3 33. bxc3 bxc3 34. Nf3 Bb3 35. Ba3 Nxf2 36. Ne5 g5 37. Nxc6 Nd3 38. Ne5 c2+ 39. Ka1 Nxe5 40. dxe5 f4 41. Kb2 Ba4 42. Kc3 Kf7 43. Kd4 Bc6 44.
Kc3 Be4 45. Kd4 Bxg2 46. Bc1 Ke6 47. Bd2 Kf5 48. Bc1 Bc6 49. Bd2 Bb7 50. Bc1 Bc8 51.
Bd2 g4 52. Bc1 g3 53. e6 Bxe6 54. Bxf4 Kxf4 0-1

[Event "*** Titled Tuesday Blitz"]
[Site "Chess.com"]
[Date "2020.04.28"]
[Round "9"]
[White "yoolund"]
[Black "dbrankovic68"]
[Result "1-0"]
[WhiteElo "2541"]
[BlackElo "2377"]
[TimeControl "180+1"]
[EndTime "11:46:50 PDT"]
[Termination "yoolund won on time"]

1. d4 Nf6 2. Bg5 Ne4 3. Bf4 d5 4. Nd2 Bf5 5. e3 e6 6. Bd3 Bg6 7. Ne2 Nd6 8. Nf3 Nd7 9. h4 Bxd3 10.
cxd3 h5 11. Ng5 Be7 12. Ng3 g6 13. Qf3 Bf6 14. e4 dxe4 15. N3xe4 Nxe4 16. dxe4 Qe7 17. O-O c6 18. e5 Bg7 19. Ne4 O-O 20. Bg5 Qb4 21.
Rfd1 Nb6 22. g4 hxg4 23. Qxg4 Nd5 24. h5 Kh7 25. Bf6 Nxf6 26. hxg6+ fxg6 27. Ng5+ Kh8 28. exf6 Rxf6 29. Nxe6 Qd6 30. Ng5 Rd8 31. Ne4 Qe6 32. Nxf6 Qxf6 33. Kg2 Rd5 34. Qc8+ Bf8 35. Rh1+ Kg8 36.
Qh3 Rh5 37. Qe3 Rg5+ 38. Kf1 Rf5 39. Qg3 Bd6 40. Qg2 Qxd4 41. Rh3 Qf6 42. Ke2 Bc5 43.
Rc3 1-0

[Event "*** Titled Tuesday Blitz"]
[Site "Chess.com"]
[Date "2020.04.28"]
[Round "9"]
[White "leoduarte"]
[Black "RubensCezila"]
[Result "0-1"]
[WhiteElo "2301"]
[BlackElo "2470"]
[TimeControl "180+1"]
[EndTime "11:46:51 PDT"]
[Termination "RubensCezila won by resignation"]

1. e4 c6 2. d4 d5 3. Nc3 dxe4 4. Nxe4 Nf6 5. Nxf6+ exf6 6. c3 Bd6 7. Bd3 O-O 8. Qc2 Re8+ 9. Ne2 h5 10. O-O h4 11. h3 Nd7 12. Bd2 Nf8 13. Rae1 Be6 14. c4 Qd7 15. f4 f5 16. b3 g6 17. Kh1 Nh7 18. Ng1 Be7 19. Nf3 Bf6 20. Bc3 Rad8 21. Rd1 Qc7 22. Ne5 Bxe5 23. dxe5 c5 24. Be2 b6 25.
Bf3 Nf8 26. Bd5 Qe7 27. Rd3 Kg7 28. Rfd1 Rd7 29. Qf2 Red8 30. Be1 g5 31. g3 Ng6 32. fxg5 hxg3 33. Qxg3 f4 34. Qg2 Bf5 35. R3d2 Rh8 36. Rd3 Bxd3 37. Rxd3 Rh5 38. Bc3 Rxg5 39. e6+ Kf8 40.
Qb2 fxe6 41. Bf6 Qf7 42. Bxg5 exd5 43. cxd5 Rxd5 44. Rxd5 Qxd5+ 45. Kh2 Qxg5 46. Qd2 Qg3+ 47. Kh1 Qxh3+ 48. Kg1 Qe3+ 49. Qxe3 fxe3 0-1

[Event "*** Titled Tuesday Blitz"]
[Site "Chess.com"]
[Date "2020.04.28"]
[Round "9"]
[White "Aikiigm"]
[Black "mattcolins2025"]
[Result "1-0"]
[WhiteElo "2495"]
[BlackElo "2287"]
[TimeControl "180+1"]
[EndTime "11:46:51 PDT"]
[Termination "Aikiigm won by checkmate"]

1. d4 Nf6 2. Nf3 g6 3. g3 Bg7 4. Bg2 O-O 5. Bg5 h6 6. Bf4 c5 7. Nc3 Qb6 8. dxc5 Qxb2 9. Na4 Qa3 10. c3 Ne4 11. Be5 Nxc3 12. Qb3 Qxa4 13. Qxc3 Bxe5 14. Nxe5 Nc6 15. Nd3 Qd4 16. Qc1 e5 17. O-O Kg7 18. Rd1 e4 19. Nf4 Qe5 20. Rd5 Qe7 21. Qb2+ Kh7 22.
Rad1 b6 23. h4 bxc5 24. h5 Rb8 25. Qc2 Nd4 26. hxg6+ fxg6 27. Qxe4 Qxe4 28. Bxe4 Rxf4 29. gxf4 Nxe2+ 30. Kh2 Nc3 31. Rxd7+ Bxd7 32. Rxd7+ Kg8 33. Bxg6 Rb2 34. Kg2 Kf8 35. Rxa7 Rxa2 36. Rc7 Ra5 37. f5 Nd5 38. Rd7 Ne7 39. Bh5 c4 40. f6 Rg5+ 41. Kf1 Rxh5 42. fxe7+ Ke8 43. Rc7 Rh4 44. Ke2 h5 45. Ke3 Rg4 46. f3 Rh4 47. f4 Rg4 48. f5 h4 49. f6 Kf7 50. Rc8 Rg3+ 51. Kf2 Kxf6 52. e8=Q Rg5 53. Qf8+ Kg6 54. Rc6+ Kh5 55.
Qh6+ Kg4 56. Rxc4+ Kh3 57. Qxh4# 1-0

[Event "*** Titled Tuesday Blitz"]
[Site "Chess.com"]
[Date "2020.04.28"]
[Round "9"]
[White "DFeco"]
[Black "crazy_but_lazy"]
[Result "0-1"]
[WhiteElo "2194"]
[BlackElo "2359"]
[TimeControl "180+1"]
[EndTime "11:46:51 PDT"]
[Termination "crazy_but_lazy won by resignation"]

1. c4 e5 2. g3 Nf6 3. Bg2 Nc6 4.
Nc3 Bb4 5. Nd5 Be7 6. e4 O-O 7. Ne2 d6 8. O-O Bg4 9. f3 Bh5 10. d4 exd4 11. Nxd4 Nxd4 12. Qxd4 Nxd5 13. cxd5 c5 14.
Qd3 b5 15. g4 Bg6 16. f4 c4 17. Qe2 f6 18. h4 Qb8 19. Be3 Bd8 20. e5 Bb6 21. f5 Be8 22. e6 b4 23. Kh1 Bxe3 24. Qxe3 Qb6 25. Qe2 Bb5 26. e7 Rf7 27. g5 Re8 28. g6 Rfxe7 29. gxh7+ Kh8 30. Qh5 c3 31. Rg1 cxb2 32. Rab1 Qd4 33. Bf3 Bd3 34.
Rbd1 b1=Q 35. Rxb1 Bxb1 36. Rxb1 Re1+ 37. Kg2 Qg1+ 38. Kh3 Qf1+ 39. Bg2 Qd3+ 40. Bf3 Qxb1 41. Qf7 Qd3 42. Kg3 R1e3 43. Kg2 Qd2+ 44. Kg3 Qd3 45. Kg2 Qxf5 46. Qxe8+ Rxe8 0-1

[Event "*** Titled Tuesday Blitz"]
[Site "Chess.com"]
[Date "2020.04.28"]
[Round "9"]
[White "GameOverBro"]
[Black "erlesfar"]
[Result "0-1"]
[WhiteElo "2487"]
[BlackElo "2378"]
[TimeControl "180+1"]
[EndTime "11:46:52 PDT"]
[Termination "erlesfar won by resignation"]

1. e4 d5 2. exd5 Qxd5 3. Nc3 Qa5 4. d4 Nf6 5. Nf3 c6 6. Ne5 Bf5 7. Nc4 Qd8 8. Bf4 e6 9. Be2 Be7 10. O-O O-O 11. a4 Nd5 12. Bd2 Nd7 13. Ne3 Bg6 14.
Bf3 Bf6 15. Ncxd5 exd5 16. c3 Re8 17. Ng4 Bg5 18. Re1 Rxe1+ 19. Qxe1 Bxd2 20. Qxd2 Nf6 21. Ne5 Be4 22. Re1 Qd6 23. Qf4 Bxf3 24. Qxf3 Re8 25. Kf1 Re6 26. g4 h6 27. h4 Qe7 28. Re3 Ne4 29. Qh3 Kh7 30. f3 Nd6 31. Re1 f6 32.
Nd3 Rxe1+ 33. Nxe1 Nc4 34. Qh2 Qe3 35. Qc2+ Kg8 36. Qd1 Nxb2 37. Qb3 Nc4 38. Qd1 Qxc3 39. h5 Qe3 40. Kg2 Nd2 41. Qa1 Qe2+ 42. Kg3 Nc4 43. Qb1 Ne3 44. Qg6 Qxe1+ 45. Kf4 Ng2+ 46. Kf5 Qb1+ 47. Ke6 Qxg6 48. hxg6 Nh4 49. a5 Nxf3 50. Kd7 b5 51. axb6 axb6 0-1

[Event "*** Titled Tuesday Blitz"]
[Site "Chess.com"]
[Date "2020.04.28"]
[Round "9"]
[White "TheoSlade"]
[Black "Olga_Girya"]
[Result "0-1"]
[WhiteElo "2308"]
[BlackElo "2447"]
[TimeControl "180+1"]
[EndTime "11:46:52 PDT"]
[Termination "Olga_Girya won on time"]

1. d4 d5 2. c4 c6 3. Nc3 Nf6 4. e3 e6 5. Nf3 Nbd7 6. Qc2 Bd6 7.
Be2 O-O 8. O-O dxc4 9. Bxc4 e5 10. Rd1 Qc7 11. b3 exd4 12. exd4 Nb6 13. Be2 Bg4 14.
h3 Bh5 15. Bg5 Nbd5 16. Nxd5 Nxd5 17. Re1 h6 18. Bd2 Rfe8 19. Qf5 Bg6 20. Qg4 Nf6 21.
Qh4 Ne4 22. Be3 Bb4 23. Rec1 Be7 24. Qf4 Qxf4 25. Bxf4 Ba3 26. Re1 Bb4 27. Red1 Nc3 28. Bc4 Nxd1 29. Rxd1 b5 30. Bf1 Rad8 31. Ne5 Be4 32.
f3 Bd5 33. Bd3 g5 34. Bg3 Bd6 35. Kf2 f6 36. Ng4 Bxg3+ 37. Kxg3 Kg7 38. Kf2 Be6 39. Be4 Bxg4 40. hxg4 Rd6 41. Ke3 Red8 42. Rd2 c5 43. d5 Ra6 44. Rc2 Rc8 45. Bd3 Rd6 46. Be4 Rc7 47. g3 Kf8 48. Kd3 a5 49. Ke3 Ra6 50.
Rd2 Ke7 51. Bd3 Rb6 52. Be4 Kd6 53. Rh2 Re7 54. Rxh6 Kc7 55. f4 c4 56. bxc4 bxc4 0-1

[Event "*** Titled Tuesday Blitz"]
[Site "Chess.com"]
[Date "2020.04.28"]
[Round "9"]
[White "HarryCun"]
[Black "Kopytkin"]
[Result "1-0"]
[WhiteElo "2187"]
[BlackElo "2371"]
[TimeControl "180+1"]
[EndTime "11:46:52 PDT"]
[Termination "HarryCun won by resignation"]

1. Nf3 d5 2. g3 c5 3. Bg2 Nc6 4. d4 Nf6 5. O-O e6 6. c4 cxd4 7. cxd5 Bc5 8. dxc6 bxc6 9. Ne5 Nd5 10. Nxc6 Qb6 11. Ne5 O-O 12. Nd3 Be7 13. Nf4 Nxf4 14. Bxf4 Bb7 15. Bxb7 Qxb7 16. Nd2 Qd5 17. Nf3 Rfd8 18.
Qb3 Qh5 19. Rad1 Bf6 20. a4 Rd5 21. Qb7 Rad8 22. Qxa7 g5 23. Bc7 R8d7 24. Qb8+ Kg7 25. a5 g4 26. Nd2 Qh3 27. Rfe1 Rh5 28. Nf1 Rf5 29. a6 h5 30. a7 h4 31. a8=Q Kg6 32. Qg8+ Bg7 33. Qg2 hxg3 34. Qxg3 Qh5 35. Be5 Rxe5 36.
Nd2 Red5 37. Q8b8 Rd8 38. Qbf4 f5 39. Nc4 Rc5 40. b3 Rxc4 41. bxc4 Rc8 42. c5 Rxc5 43. Rxd4 Be5 44. Qxe5 Rxe5 45. Qxe5 g3 46. Qxg3+ Kf6 47.
Rh4 Qf7 48. Rh6+ Ke7 49. Qg6 1-0

[Event "*** Titled Tuesday Blitz"]
[Site "Chess.com"]
[Date "2020.04.28"]
[Round "9"]
[White "mc4chess"]
[Black "Kimster98"]
[Result "1/2-1/2"]
[WhiteElo "2411"]
[BlackElo "2555"]
[TimeControl "180+1"]
[EndTime "11:46:53 PDT"]
[Termination "Game drawn by agreement"]

1. e4 c5 2. Nf3 e6 3. d4 cxd4 4. Nxd4 Nf6 5. Bd3 Nc6 6. Nxc6 bxc6 7. O-O d5 8. Nc3 Be7 9. b3 O-O 10. Bb2 a5 11. Qe2 Qb6 12. Na4 Qa7 13. Rad1 Ba6 14.
exd5 cxd5 15. c4 dxc4 16. Bxc4 Bxc4 17. Qxc4 Rac8 18. Qd3 Nd5 19. Qg3 Bf6 20. Bxf6 Nxf6 21. Rd2 Nd5 22. Rfd1 Rc6 23. h3 Rfc8 24. Qe5 Qc7 25. Qd4 h6 26. Nb2 Rc1 27. Nc4 Rxd1+ 28. Rxd1 a4 29. Rd3 axb3 30. axb3 Ra8 31. Rg3 f6 32. Qe4 Re8 33. Kh2 Qd7 34. Qg6 Kh8 35. Nd6 Rf8 36. Ne4 Qf7 37. Nc5 Qxg6 38. Rxg6 Nf4 39. Rg4 e5 40. g3 Nd5 41. Ra4 Rb8 42. Ra7 Rb5 43. Ne6 g5 44. Rd7 Nc3 45. Rf7 Rxb3 46. Rxf6 Ne4 47. Rf7 Rb2 48. Kg2 Kg8 49. Rf5 Rb5 50. Nc7 Rc5 51. Ne8 Ra5 52.
Nf6+ Nxf6 53. Rxf6 Kg7 54. Re6 Rb5 55. Rd6 1/2-1/2

[Event "*** Titled Tuesday Blitz"]
[Site "Chess.com"]
[Date "2020.04.28"]
[Round "9"]
[White "icychess54"]
[Black "chessfrendz"]
[Result "0-1"]
[WhiteElo "2261"]
[BlackElo "2412"]
[TimeControl "180+1"]
[EndTime "11:46:53 PDT"]
[Termination "chessfrendz won on time"]

1. c4 Nf6 2. Nf3 e6 3. Nc3 d5 4.
e3 c6 5. b3 Bd6 6. Bb2 O-O 7.
Be2 Nbd7 8. O-O Qe7 9. Nd4 a5 10.
f4 g6 11. cxd5 exd5 12. g4 Nc5 13. g5 Nfe4 14. Nxe4 dxe4 15. Qe1 Ne6 16. Qh4 Ng7 17. Qh6 f6 18. gxf6 Qxf6 19. Bc4+ Kh8 20. Bc3 Bb4 21.
Ne6 Bxc3 22. Nxf8 Qxf8 23. dxc3 b5 24. Be2 Qc5 25. Kf2 Qxe3+ 26. Kxe3 Nf5+ 27. Kxe4 Nxh6 28. Rad1 Bf5+ 29. Kf3 Re8 30. Rfe1 Ng4 31. Bf1 Nxh2+ 32.
Kg2 Rxe1 33. Rxe1 Nxf1 34. Kxf1 Kg7 35. Kf2 Kf6 36. Kf3 h5 37. Re5 h4 38. Rc5 Bd7 39. a4 h3 40. Kg3 Ke7 41. c4 Kd6 42. Rg5 bxa4 43. bxa4 Bf5 44. Kf3 Kc5 45. Rg1 Kxc4 46.
Rc1+ Kd4 47. Rxc6 Be4+ 48. Kg3 Bxc6 49. f5 Bxa4 0-1

[Event "*** Titled Tuesday Blitz"]
[Site "Chess.com"]
[Date "2020.04.28"]
[Round "9"]
[White "doctorcristian"]
[Black "DinaBelenkaya"]
[Result "1-0"]
[WhiteElo "2358"]
[BlackElo "2194"]
[TimeControl "180+1"]
[EndTime "11:46:53 PDT"]
[Termination "doctorcristian won on time"]

1. d4 Nf6 2. Nc3 d5 3. Bf4 c5 4. e3 cxd4 5. exd4 a6 6. h3 Nc6 7.
Nf3 Bf5 8. Bd3 Bxd3 9. Qxd3 e6 10. a3 Bd6 11. Ne2 O-O 12. O-O Rc8 13. c3 Bxf4 14.
Nxf4 Qd6 15. Qe3 Ne4 16. Nd3 Ne7 17. Nd2 Nf5 18. Qe2 Nxd2 19. Qxd2 b5 20. a4 Qb6 21. axb5 axb5 22. b4 Nd6 23. Nc5 Ne4 24. Qb2 Qc7 25. f3 Ng3 26. Rfe1 Ra8 27. Kf2 Nf5 28.
Kg1 Qg3 29. Qf2 Qg5 30. f4 Qg6 31. Kh2 h5 32. g3 Nd6 33. Qe2 h4 34. g4 Qf6 35.
Qe5 Qe7 36. Rxa8 Rxa8 37. Qxd5 exd5 38. Rxe7 Ra2+ 39. Kg1 Rc2 40. Rd7 Nc4 41. Rxd5 Rxc3 42. Rd8+ Kh7 43. Ne4 Rxh3 44. Ng5+ Kg6 45. Nxh3 f6 46. d5 Ne3 47. d6 1-0

[Event "*** Titled Tuesday Blitz"]
[Site "Chess.com"]
[Date "2020.04.28"]
[Round "9"]
[White "profofchess"]
[Black "blitzking1729"]
[Result "0-1"]
[WhiteElo "2405"]
[BlackElo "2563"]
[TimeControl "180+1"]
[EndTime "11:46:54 PDT"]
[Termination "blitzking1729 won by resignation"]

1. e4 d6 2. d4 Nf6 3. Nc3 c6 4. Nge2 Nbd7 5. h3 b5 6. a3 a6 7.
g4 e5 8. g5 Nh5 9. Be3 Be7 10.
Qd2 exd4 11. Nxd4 Ne5 12. f4 c5 13. fxe5 cxd4 14. Qxd4 dxe5 15. Qxe5 Qd6 16. Qxd6 Bxd6 17.
O-O-O Be5 18. Nd5 O-O 19. Rg1 Be6 20. Bd4 Bd6 21. h4 Bxd5 22. exd5 Nf4 23. Be3 Rfe8 24. Bxf4 Bxf4+ 25. Kb1 Bd6 26. Bd3 Re5 27. h5 g6 28.
hxg6 hxg6 29. Rde1 Rae8 30. Rxe5 Rxe5 31. a4 Rxd5 32.
axb5 axb5 33. Ka2 Be7 34. Rg3 Bxg5 35. c4 bxc4 36. Bxc4 Ra5+ 37. Kb3 Kg7 38. Kb4 Re5 39. Ka4 Bf4 40. Rg4 Re4 41. Kb5 f5 42. Rg2 g5 43.
b4 Bd6 44. Rxg5+ Kf6 45. Rg2 f4 46. Kc6 Rxc4+ 47. Kxd6 Rxb4 48. Kd5 Kf5 49. Rf2 Kg4 50. Ke5 f3 51. Rf1 Kg3 52. Rg1+ Kf2 53. Rg5 Ke2 54. Rf5 f2 0-1

[Event "*** Titled Tuesday Blitz"]
[Site "Chess.com"]
[Date "2020.04.28"]
[Round "9"]
[White "PlayChessSimple"]
[Black "bakki78"]
[Result "1/2-1/2"]
[WhiteElo "2538"]
[BlackElo "2719"]
[TimeControl "180+1"]
[EndTime "11:46:55 PDT"]
[Termination "Game drawn by repetition"]

1. e4 c5 2. Nf3 Nc6 3. c3 Nf6 4. e5 Nd5 5. Bc4 e6 6. d4 cxd4 7. cxd4 d6 8. Qe2 Be7 9. O-O O-O 10. Rd1 Na5 11. Bd3 Nb4 12. Nc3 Nxd3 13. Rxd3 Bd7 14.
d5 exd5 15. exd6 Bxd6 16. Bg5 f6 17. Rxd5 Qc7 18. Rad1 Rae8 19. Qd3 Nc4 20. Rxd6 Nxd6 21. Qxd6 Qxd6 22. Rxd6 fxg5 23. Rxd7 g4 24. Nd2 Re1+ 25.
Nf1 h5 26. g3 Rf7 27. Rd5 g6 28.
Kg2 Ree7 29. Ne3 Rd7 30. Re5 Rfe7 31. Rc5 Rd2 32. Ncd5 Rf7 33. Nf4 Rxb2 34. a4 Kh7 35. Ned5 g5 36. Nd3 Rd2 37. N5b4 b6 38. Rxg5 Kh6 39.
Rb5 a5 40. Rxb6+ Kh7 41. Nf4 axb4 42. Rxb4 Rf5 43. Rb7+ Kh6 44. Rb6+ Kh7 45. Rb7+ Kh6 46. Rb6+ Kh7 47. Rb7+ 1/2-1/2

[Event "*** Titled Tuesday Blitz"]
[Site "Chess.com"]
[Date "2020.04.28"]
[Round "9"]
[White "SahajGrover"]
[Black "KinKaiser"]
[Result "1-0"]
[WhiteElo "2725"]
[BlackElo "2566"]
[TimeControl "180+1"]
[EndTime "11:46:56 PDT"]
[Termination "SahajGrover won on time"]

1. d4 d5 2. Bf4 Nf6 3. e3 c5 4. c3 Nc6 5. Nd2 Bf5 6. Ngf3 e6 7. Qb3 Qb6 8. Bb5 c4 9. Qa4 a6 10. Bxc6+ Qxc6 11. Qxc6+ bxc6 12. b3 Ba3 13. bxc4 Bb2 14. Ke2 Bxa1 15. Rxa1 Ne4 16. Nxe4 Bxe4 17. Nd2 Bg6 18.
c5 O-O 19. Bd6 Rfd8 20. Nb3 a5 21. Bc7 Rd7 22. Bb6 a4 23. Na5 Rc8 24. a3 Ra8 25. Ra2 Rxa5 26. Bxa5 Ra7 27. Bb6 Ra6 28. Rb2 f6 29.
Bc7 Be8 30. Rb7 Ra8 31. h4 h5 32. f3 Ra6 33. Kd2 Ra8 34. Kd3 Bg6+ 35. Kd2 Be8 36. c4 Ra6 37. Kc3 Ra8 38. Kb4 Bg6 39. Rb6 Be8 40.
Rb8 Rxb8+ 41. Bxb8 dxc4 42. Kxc4 Bg6 43. Kb4 Bc2 44. Ka5 Bd3 45. Kxa4 Kf7 46. Ka5 Ke8 47.
Kb6 Kd7 48. a4 Kc8 49. Bd6 Bf1 50. a5 1-0

[Event "*** Titled Tuesday Blitz"]
[Site "Chess.com"]
[Date "2020.04.28"]
[Round "9"]
[White "ajian"]
[Black "Noam_Vitenberg"]
[Result "1-0"]
[WhiteElo "2373"]
[BlackElo "2478"]
[TimeControl "180+1"]
[EndTime "11:46:57 PDT"]
[Termination "ajian won on time"]

1. d4 d5 2. c4 e6 3. Nc3 Bb4 4. e3 c5 5. cxd5 exd5 6. Nf3 Nf6 7. Bd3 Nc6 8. O-O O-O 9. a3 Ba5 10. dxc5 Bxc3 11. bxc3 Bg4 12. Be2 Ne4 13. Bb2 Nxc5 14. c4 Qb6 15. Qc2 dxc4 16. Ng5 Nd3 17. Bxd3 cxd3 18.
Qxd3 g6 19. Qc3 f6 20. h3 Bf5 21. e4 Bd7 22. Rad1 Rad8 23. Rd6 Qa5 24. Qc4+ Kg7 25. Rxd7+ Rxd7 26. Ne6+ Kg8 27. Nxf8+ Kxf8 28. Bxf6 Rf7 29. Bc3 Qb6 30. Rd1 Qxf2+ 31. Kh1 Qf4 32. Bb4+ Nxb4 33. Qxb4+ Kg7 34. Qd4+ Qf6 35. e5 Qe6 36. Qe4 Re7 37.
Rd5 Qf5 38. Qe3 h6 39. Rd6 Qf1+ 40. Kh2 Qf5 41. Rd5 Qe6 42. Qd4 b6 43. Qe4 Qf5 44.
Qd4 h5 45. e6+ Qf6 46. Re5 Re8 47. Qd6 Re7 48. Qd7 1-0

[Event "*** Titled Tuesday Blitz"]
[Site "Chess.com"]
[Date "2020.04.28"]
[Round "9"]
[White "The_Machine04"]
[Black "Kaponov"]
[Result "1-0"]
[WhiteElo "2278"]
[BlackElo "2105"]
[TimeControl "180+1"]
[EndTime "11:46:57 PDT"]
[Termination "The_Machine04 won on time"]

1. d3 Nf6 2. Bg5 g6 3. Bxf6 exf6 4. g3 f5 5. Bg2 d6 6. Nd2 Bg7 7. c3 Nd7 8. d4 h5 9. e3 h4 10. Qb3 c6 11. c4 Nf6 12. O-O-O Qe7 13. Ne2 h3 14. Bf3 Ne4 15. Bxe4 fxe4 16. Nc3 Bg4 17. Rde1 f5 18. Rhf1 O-O 19. f3 exf3 20. Nxf3 Bh6 21. Kb1 Rae8 22. c5+ Qf7 23. Qxf7+ Rxf7 24. cxd6 Bxf3 25.
Rxf3 Rd7 26. e4 Rxd6 27. Rd3 Red8 28. d5 cxd5 29. exd5 Bg7 30. Red1 a6 31. a3 b5 32. Ka2 Bxc3 33. bxc3 Kf7 34. Kb3 Kf6 35. c4 bxc4+ 36. Kxc4 Rc8+ 37. Kd4 g5 38. g4 fxg4 39. Rf1+ Kg6 40.
Rg1 Rc2 41. Ke5 Rd8 42. Rh1 Re2+ 43. Kd4 Kf5 44. Rf1+ Kg6 45. Rh1 Kh5 46. Kc5 Rc2+ 47. Kd4 Kg6 48. Ke3 Kf5 49. Kd4 1-0

[Event "*** Titled Tuesday Blitz"]
[Site "Chess.com"]
[Date "2020.04.28"]
[Round "9"]
[White "Milchone1"]
[Black "frankshar"]
[Result "0-1"]
[WhiteElo "2494"]
[BlackElo "2323"]
[TimeControl "180+1"]
[EndTime "11:46:58 PDT"]
[Termination "frankshar won by resignation"]

1. Nf3 Nf6 2. c4 e6 3. g3 d5 4. Bg2 dxc4 5. Qa4+ Bd7 6. Qxc4 c5 7. a4 Nc6 8. d3 Be7 9. O-O O-O 10. Nc3 Rc8 11.
Bg5 Na5 12. Qa2 h6 13. Bd2 Bc6 14. Rfc1 Nd5 15. Ne4 Nb4 16. Bxb4 cxb4 17. b3 Bxe4 18. dxe4 Nc6 19. e5 Qa5 20. Qb2 Rfd8 21. Rd1 Bc5 22. e3 Ne7 23. Nd2 Nd5 24. Nc4 Qc7 25. Bxd5 exd5 26.
Nd6 Bxd6 27. exd6 Qxd6 28. Rd4 Qc5 29. Rad1 Qc3 30. Qb1 Qc2 31. Qxc2 Rxc2 32. Rxb4 b6 33. Rbd4 Rb2 34. b4 Rc8 35. R1d2 Rxd2 36. Rxd2 Rc4 37. a5 Rxb4 38. axb6 Rxb6 39. Rxd5 Rb8 40. Ra5 Ra8 41. Kf1 Kf8 42. Ke2 Ke7 43. Kd3 Kd6 44. Ke4 a6 45.
Kf5 Kc6 46. g4 Kb6 47. Ra3 a5 48. h4 Kb5 49. e4 Kb4 50. Ra1 a4 51. f4 Ra5+ 52.
e5 Kb3 53. g5 hxg5 54. fxg5 a3 55. h5 Ra6 56. g6 fxg6+ 57. hxg6 Kb2 58. Rxa3 Kxa3 59. e6 Ra5+ 60. Ke4 Kb4 61. e7 Ra1 62. Kd5 Re1 63. Kd6 Kc4 64. Kd7 Kd5 65. e8=Q Rxe8 66. Kxe8 Ke6 67. Kd8 Kf6 68. Kd7 Kxg6 69. Ke6 Kg5 70.
Ke5 Kg4 71. Ke4 g5 72. Ke3 Kg3 73. Ke2 g4 74. Kf1 Kh2 75. Kf2 g3+ 76. Kf3 g2 77. Kf4 0-1

[Event "*** Titled Tuesday Blitz"]
[Site "Chess.com"]
[Date "2020.04.28"]
[Round "9"]
[White "GMNeiksans"]
[Black "MusicCityMaster"]
[Result "1-0"]
[WhiteElo "2779"]
[BlackElo "2292"]
[TimeControl "180+1"]
[EndTime "11:46:58 PDT"]
[Termination "GMNeiksans won on time"]

1. e4 c5 2. Nf3 d6 3. Bb5+ Nd7 4. O-O a6 5. Bd3 Ngf6 6. Re1 e6 7. c3 Be7 8. Bc2 O-O 9. d4 e5 10. a4 Re8 11. Na3 b5 12. Bg5 Rb8 13. axb5 axb5 14. b4 cxb4 15. cxb4 h6 16. Bd2 Bf8 17. d5 Nb6 18.
Bd3 Bd7 19. Bf1 g6 20. Qb3 Qe7 21. Rac1 Nh5 22. Nxb5 f5 23. exf5 gxf5 24. Na7 Qf7 25. Nc6 Rbc8 26. b5 Nxd5 27. Bc4 Be6 28. Red1 Ndf4 29.
Bxf4 Nxf4 30. Bxe6 Nxe6 31. b6 Nc5 32. Qxf7+ Kxf7 33.
Rxc5 dxc5 34. Ncxe5+ Ke6 35. Nc4 Rb8 36. Nfe5 Be7 37.
Nc6 Rb7 38. N6a5 Rbb8 39. b7 Bd8 40. Nc6 Rxb7 41. Re1+ Kd7 42. N6e5+ Kc8 43. Nd6+ Kb8 44. Nxe8 Be7 45. Nf3 c4 46. g3 c3 47. Rc1 Bb4 48. Nf6 Rb6 49. Nd5 Rb5 50. Nxb4 Rxb4 51. Rxc3 1-0

[Event "*** Titled Tuesday Blitz"]
[Site "Chess.com"]
[Date "2020.04.28"]
[Round "9"]
[White "VqquyenCFT"]
[Black "zabivol_mc"]
[Result "1-0"]
[WhiteElo "2247"]
[BlackElo "2435"]
[TimeControl "180+1"]
[EndTime "11:46:59 PDT"]
[Termination "VqquyenCFT won on time"]

1. e4 e6 2. d4 d5 3. Nd2 c5 4. exd5 exd5 5. Ngf3 Nf6 6. c3 Bd6 7. dxc5 Bxc5 8. Bd3 O-O 9. O-O Nc6 10. Nb3 Bb6 11. Bg5 h6 12. Bh4 g5 13. Bg3 Ne4 14.
Nbd4 f5 15. Qb3 Kh7 16. Be5 Re8 17. Nxc6 bxc6 18. Bd4 c5 19. Be3 c4 20. Bxc4 dxc4 21.
Qxc4 Be6 22. Qe2 Qc7 23. Nd4 Bc4 24. Qh5 Bxf1 25. Nxf5 Re6 26. Rxf1 Rf8 27. g4 Qf7 28. Qh3 Rg6 29. Rd1 Rd8 30. Re1 Nd6 31. Bxb6 Re8 32. Rxe8 Qxe8 33. Be3 Nxf5 34. gxf5 Rd6 35. Kg2 Qe7 36.
Qf3 Ra6 37. a3 Rf6 38. Bd4 Rf7 39. f6 Qd7 40. Qe4+ Kg8 41. Qg6+ Kf8 42. Qxh6+ Ke8 43.
Qxg5 Qb7+ 44. f3 Qxb2+ 45. Kg3 Qc2 46. Qg8+ Rf8 47. f7+ Ke7 48. Bc5+ Kf6 49. Bxf8 1-0

[Event "*** Titled Tuesday Blitz"]
[Site "Chess.com"]
[Date "2020.04.28"]
[Round "9"]
[White "almo64"]
[Black "Grischuk"]
[Result "0-1"]
[WhiteElo "2830"]
[BlackElo "3117"]
[TimeControl "180+1"]
[EndTime "11:47:00 PDT"]
[Termination "Grischuk won on time"]

1. e4 c5 2. Nc3 d6 3. Nge2 Nf6 4. h3 Nc6 5. d4 cxd4 6. Nxd4 Bd7 7. Be3 g6 8. Qd2 Bg7 9. O-O-O O-O 10. g4 Rc8 11. g5 Nh5 12. Be2 Nf4 13. Bf1 Ne6 14. Nb3 Ne5 15. Nd5 b5 16. Qa5 Qe8 17. Nd4 Nc5 18. f3 Bc6 19. Nxc6 Nxc6 20. Qxb5 a6 21. Qb6 Na4 22.
Qxa6 Bxb2+ 23. Kd2 Nc3 24. Bb5 Nxb5 25. Qxb5 Bg7 26.
Rb1 Qd8 27. Bb6 Qd7 28. a4 Qe6 29. a5 Ne5 30. Qe2 Qd7 31. Ke1 Rfe8 32. Kf2 Nc4 33. Kg2 Qc6 34. Rb2 Nxb2 35. Rb1 Qxc2 36.
Qxc2 Rxc2+ 37. Kg3 Nc4 38. Bg1 Ra2 39. Rb7 Kf8 40.
Nc7 Rc8 41. a6 Ra3 42. a7 Be5+ 43. Kg4 Kg7 44. Rb8 Rxc7 45. a8=Q Rxa8 46. Rxa8 h5+ 47. gxh6+ Kxh6 48. f4 Bf6 0-1